 Dungeon Crawl Stone Soup version 0.25-a0-478-g33c61bdccf (webtiles) character file.

Game seed: 13294453950715283920, levelgen mode: deterministic

2922 Error4North the Cleaver (level 9, -1/78 HPs)
             Began as a Hill Orc Fighter on Feb 6, 2020.
             Was a Priest of Okawaru.
             Slain by an orc warrior (8 damage)
             ... in a bailey on Feb 8, 2020.
             The game lasted 00:26:50 (6978 turns).

Error4North the Cleaver (Hill Orc Fighter)          Turns: 6978, Time: 00:26:51

Health: -1/78      AC: 14    Str: 22    XL:     9   Next: 79%
Magic:  13/13      EV: 12    Int:  8    God:    Okawaru [***...]
Gold:   348        SH:  0    Dex: 10    Spells: 14/14 levels left

rFire    + + .     SeeInvis .   a - +0 war axe
rCold    . . .     Gourm    .   c - +0 shield
rNeg     . . .     Faith    .   t - +1 fire dragon scales
rPois    +         Spirit   .   i - +0 helmet
rElec    .         Reflect  .   (no cloak)
rCorr    .         Harm     .   (no gloves)
MR       .....                  (no boots)
Stlth    ..........             (no amulet)
HPRegen  0.23/turn              g - ring of protection from cold
MPRegen  0.13/turn              C - ring of poison resistance

@: confused, heroism
A: no striking features
a: Heroism, Renounce Religion


You were in a bailey.
You worshipped Okawaru.
Okawaru was most pleased with you.
You were not hungry.

You visited 2 branches of the dungeon, and saw 8 of its levels.
You also visited: Ossuary and Bailey.

You collected 568 gold pieces.
You spent 220 gold pieces at shops.

Inventory:

Hand Weapons
 a - a +0 war axe (weapon)
 o - a +2 vorpal hunting sling
Missiles
 r - 130 stones (quivered)
 v - 17 sling bullets
 x - 3 silver boomerangs
Armour
 c - a +0 shield (worn)
 i - a +0 helmet (worn)
 t - +1 fire dragon scales (worn)
Jewellery
 g - a ring of protection from cold (left hand)
 s - an uncursed ring of wizardry
 C - a ring of poison resistance (right hand)
Wands
 b - a wand of scattershot (2)
 E - a wand of random effects (14)
Scrolls
 d - a scroll of immolation {unknown}
 e - a scroll of fog {unknown}
 h - 3 scrolls of teleportation
 k - 2 scrolls of amnesia {unknown}
 m - 6 scrolls of identify
 n - 2 scrolls of remove curse
 y - a scroll of blinking {unknown}
Potions
 j - 3 potions of haste
 l - a potion of magic
 p - a potion of lignification {unknown}
 q - 4 potions of curing
 w - a potion of degeneration {unknown}
 z - 2 potions of invisibility {unknown}
 A - 2 potions of cancellation
Comestibles
 f - 8 rations
 D - 5 chunks of flesh


   Skills:
 * Level 6.7(11.7) Fighting
 + Level 8.5(13.5) Axes
 + Level 1.2(6.2) Slings
 * Level 6.9(11.9) Armour
 + Level 1.5(6.5) Dodging
 * Level 7.1(12.1) Shields
 * Level 3.1 Spellcasting
 * Level 4.9 Invocations
 * Level 2.0 Evocations


You had 14 spell levels left.
You didn't know any spells.
Your spell library was empty.

Dungeon Overview and Level Annotations

Branches:
Dungeon (7/15)             Temple (1/1) D:6         Ossuary (visited)
 Bailey (1/1)

Altars:
Cheibriados
Dithmenos
Elyvilon
Gozag
Kikubaaqudgha
Makhleb
Nemelex Xobeh
Okawaru
Qazlal
Sif Muna
Uskayaw
Vehumet
Xom
Yredelemnul
Zin

Shops:
D:6 *

Annotations:
D:5 3 runed translucent doors, FluffGlitter's ghost, amateur DsWz; inmateoo's ghost, novice MiFi
D:6 exclusion: oklob plant
D:7 1 runed translucent door, Tux's ghost, novice TeFE


Message History

The orc warrior unwields a +0 arbalest.
You block the orc warrior's attack.
The orc warrior wields a +0 arbalest.
The orc warrior shoots a bolt.
The bolt barely misses you.
There is an empty arch of ancient stone here.
You see here a bolt.
The orc warrior no longer looks unusually strong. x2
The orc warrior hits you but does no damage.
You hit the orc warrior.
The orc warrior is moderately wounded.
The orc warrior no longer looks unusually strong.
The orc warrior shoots a bolt.
The bolt barely misses you. The orc warrior closely misses you.
You hit the orc warrior.
The orc warrior is heavily wounded.
The orc warrior barely misses you.
The orc warrior shoots a bolt.
The bolt hits you!
* * * LOW HITPOINT WARNING * * *
You are confused.
You feel invigorated. The orc warrior hits you!
You die...

### ##∩## #@(.#
#o.(#
o≈≈(....o.≈≈o≈≈
oo≈.......≈oo.≈
≈o≈≈.......≈≈o≈≈
≈≈≈..#...#..≈≈≈.
....##...##.....
#### ##∩## #####
##


You could see an orc knight, 3 orc warriors and an orc.

Vanquished Creatures
  A centaur zombie (D:7)
  A hungry ghost (D:5)
  4 water moccasins (D:6)
  2 sky beasts
  A phantom (D:6)
  An ice beast (D:7)
  A centaur (D:6)
  3 bullfrogs
  A wyvern zombie (D:5)
  4 killer bees (D:6)
  4 bullfrog skeletons
  2 hounds (D:4)
  An orc priest (D:6)
  10 jellies
  2 orc wizards
  2 iguanas
  3 worker ants
  A hound zombie (D:7)
  A howler monkey zombie (D:6)
  8 mummies (Ossuary)
  A worker ant zombie (D:6)
  3 howler monkey skeletons
  4 gnolls (D:4)
  8 adders
  A shadow imp (D:6)
  An adder zombie (D:7)
  11 oozes
  An adder skeleton (D:6)
  6 worms
  5 dart slugs
  5 leopard geckos
  15 orcs
  9 bats
  10 giant cockroaches
  A gnoll zombie (Ossuary)
  7 goblins
  9 hobgoblins
  7 jackals
  11 kobolds
  4 quokkas
  A ball python (D:1)
  9 frilled lizards
  3 hobgoblin zombies (Ossuary)
  A leopard gecko skeleton (D:4)
  4 orc zombies (Ossuary)
  9 rats
199 creatures vanquished.

Vanquished Creatures (others)
  6 fungi (D:6)
6 creatures vanquished.

Grand Total: 205 creatures vanquished

Notes
Turn   | Place    | Note
-------+----------+-------------------------------------------
     0 | D:1      | Error4North the Hill Orc Fighter began the quest for the
                  | Orb.
     0 | D:1      | Reached XP level 1. HP: 19/19 MP: 1/1
    61 | D:1      | Reached XP level 2. HP: 25/27 MP: 2/2
   650 | D:1      | Reached skill level 3 in Axes
   915 | D:2      | Reached XP level 3. HP: 33/33 MP: 3/3
   948 | D:2      | Upgraded the game from 0.25-a0-474-ga8a2ee3166 to
                  | 0.25-a0-478-g33c61bdccf
  1072 | D:2      | Reached XP level 4. HP: 32/40 MP: 4/4
  1242 | D:2      | Reached skill level 4 in Axes
  1453 | D:2      | Found an iron altar of Okawaru.
  1464 | D:2      | Became a worshipper of Warmaster Okawaru
  1849 | D:2      | Reached XP level 5. HP: 37/46 MP: 5/5
  2177 | D:3      | Reached skill level 1 in Slings
  2590 | D:4      | Reached XP level 6. HP: 30/52 MP: 6/6
  2781 | D:4      | Found a white marble altar of Elyvilon.
  2895 | D:4      | Reached skill level 5 in Shields
  2990 | D:4      | Reached skill level 5 in Axes
  3083 | D:4      | Found a burning altar of Makhleb.
  3504 | D:4      | Reached * piety under Okawaru
  3504 | D:4      | Reached skill level 1 in Invocations
  3808 | D:5      | Entered Level 5 of the Dungeon
  3833 | D:5      | Reached XP level 7. HP: 60/60 MP: 8/8
  3860 | D:5      | Reached skill level 1 in Spellcasting
  3862 | D:5      | Noticed a hungry ghost
  3915 | D:5      | Killed a hungry ghost
  3915 | D:5      | Reached skill level 5 in Armour
  4195 | D:5      | Reached skill level 5 in Fighting
  4257 | D:5      | Reached skill level 1 in Dodging
  4620 | D:5      | Found a runed translucent gate.
  4621 | D:5      | Found a runed translucent gate.
  4622 | D:5      | Found a runed translucent gate.
  4623 | D:5      | Noticed inmateoo's ghost (novice MiFi)
  4624 | D:5      | Noticed FluffGlitter's ghost (amateur DsWz)
  5079 | D:6      | Reached skill level 6 in Axes
  5095 | D:6      | Reached XP level 8. HP: 68/68 MP: 9/9
  5220 | D:6      | Reached ** piety under Okawaru
  5232 | D:6      | Found a sand-covered staircase.
  5244 | Ossuary  | Entered an ossuary
  5568 | D:6      | Found a staircase to the Ecumenical Temple.
  5573 | Temple   | Entered the Ecumenical Temple
  5820 | D:6      | Reached skill level 7 in Axes
  6230 | D:6      | Noticed an oklob plant
  6236 | D:6      | Reached XP level 9. HP: 74/75 MP: 12/12
  6637 | D:6      | Found Siysym's Serpentskin Sales.
  6649 | D:6      | Reached skill level 8 in Axes
  6656 | D:6      | Reached skill level 1 in Evocations
  6662 | D:6      | Bought an uncursed ring of poison resistance for 220 gold
                  | pieces
  6887 | D:7      | Reached *** piety under Okawaru
  6900 | D:7      | Noticed a +0 trident of chaos
  6901 | D:7      | Found a runed translucent door.
  6901 | D:7      | Found a shimmering altar of Xom.
  6901 | D:7      | Noticed Tux's ghost (novice TeFE)
  6923 | D:7      | Found a flagged portal.
  6950 | Bailey   | Entered a bailey
  6950 | Bailey   | Noticed an orc knight
  6958 | Bailey   | Noticed an orc knight
  6978 | Bailey   | Slain by an orc warrior

Levels and vault maps discovered:
D:1:      dpeg_arrival_shelter, layout_basic, serial_co_window_serial,
          co_window_of_opportunity_a, co_window_of_opportunity_a,
          co_window_paths_a, co_window_of_opportunity_a, co_window_paths_a,
          co_window_of_opportunity_a, co_window_corner_ca, co_window_2corner,
          co_window_broadway_a, co_window_corner_cb, glass_columns_a,
          glass_columns_b, glass_columns_b, glass_columns_b, glass_columns_c
D:2:      wad_river_or_something, layout_loops_ring, old_standard_altar
D:3:      layout_basic, serial_corexii_hall, chequers_hall_statues_wall_a,
          corexii_hall_statues_i
D:4:      layout_basic, makhleb_heckhound_becter, lemuel_crystal_altar
D:5:      layout_basic, first_ration, gammafunk_ghost_cemetery
D:6:      lemuel_slime, layout_loops_ring, minmay_temple_entry_glassed_door,
          enter_ossuary_3, minivault_26, guppyfry_shop_venom
D:7:      layout_basic, grunt_temple_overflow_diamond, nicolae_ru_awakened_eye,
          tgw_trog, serial_shops, shop, ebering_ghost_xom, enter_bailey_3,
          the_bakery
Temple:   minmay_temple_bridge_abc
Bailey:   bailey_polearm_4, bailey

Skill      XL: |  1  2  3  4  5  6  7  8  9 |
---------------+----------------------------+-----
Axes           | 3 4 5 6 7 8 |  8.5
Shields        | 4 5 6 7 |  7.1
Fighting       | 4 5 6 |  6.7
Armour         | 4 5 6 |  6.9
Slings         | 1 |  1.2
Invocations    | 1 2 3 4 |  4.9
Spellcasting   | 1 2 3 |  3.1
Dodging        | 1 |  1.5
Evocations     | 2 |  2.0

Action                   |  1- 3 |  4- 6 |  7- 9 || total
-------------------------+-------+-------+-------++-------
Melee: War axe           |    92 |   194 |   416 ||   702
 Fire: Hunting sling     |     5 |    39 |     8 ||    52
Invok: Heroism           |       |       |    11 ||    11
  Use: Potion            |       |     1 |    10 ||    11
       Scroll            |       |     3 |     5 ||     8
  Eat: Chunk             |     1 |     5 |     6 ||    12
       Ration            |       |     1 |     3 ||     4
Armor: Scale mail        |    31 |       |       ||    31
       Chain mail        |    23 |     4 |       ||    27
       Fire dragon scale |       |   117 |   201 ||   318
Dodge: Dodged            |    26 |    73 |   123 ||   222
Block: Shield            |    41 |   117 |   235 ||   393

Table legend:
 A = Non-vault XP
 B = Vault XP
 C = Vault XP percentage of total XP
 D = Non-vault monster count
 E = Vault monster count
 F = Vault count percentage of total count
                 A         B        C        D         E       F
            +---------+---------+-------+---------+---------+-------
      Total |    2882 |    1293 |  31.0 |     147 |      52 |  26.1
            +---------+---------+-------+---------+---------+-------
        D:1 |      31 |       0 |   0.0 |      21 |       0 |   0.0
        D:2 |      66 |      73 |  52.5 |      24 |       9 |  27.3
        D:3 |     116 |       0 |   0.0 |      27 |       0 |   0.0
        D:4 |     271 |      43 |  13.7 |      20 |       1 |   4.8
        D:5 |     502 |       0 |   0.0 |      16 |       0 |   0.0
        D:6 |    1099 |    1017 |  48.1 |      28 |      22 |  44.0
        D:7 |     797 |       8 |   1.0 |      11 |       4 |  26.7
    Ossuary |       0 |     152 | 100.0 |       0 |      16 | 100.0
            +---------+---------+-------+---------+---------+-------
